 Dungeon Crawl Stone Soup version 0.22-a0-348-gd16d1391c7 (webtiles) character file.

81 Minion the Firebug (level 4, -5/33 HPs)
             Began as a Draconian Fire Elementalist on Apr 10, 2018.
             Hit by a javelin thrown by a gnoll (9 damage)
             ... on level 2 of the Dungeon.
             The game lasted 00:06:18 (1936 turns).

Minion the Firebug (Draconian Fire Elementalist)    Turns: 1936, Time: 00:06:18

Health: -5/33      AC:  5    Str: 10    XL:     4   Next: 19%
Magic:  3/8        EV: 12    Int: 17    God:
Gold:   85         SH:  0    Dex: 11    Spells: 7/8 levels left

rFire    . . .     SeeInvis .   (no weapon)
rCold    . . .     Gourm    .   (no shield)
rNeg     . . .     Faith    .   (armour unavailable)
rPois    .         Spirit   .   (helmet restricted)
rElec    .         Reflect  .   d - scarf {cloud immunity}
rCorr    .         Harm     .   (no gloves)
MR       .....                  (no boots)
Stlth    ++........             (no amulet)
HPRegen  0.11/turn              (no ring)
MPRegen  0.11/turn              (no ring)

@: no status effects
A: unfitting armour, cold-blooded, AC +5
a: no special abilities


You were on level 2 of the Dungeon.
You were not hungry.

You visited 1 branch of the dungeon, and saw 2 of its levels.

You collected 85 gold pieces.

Inventory:

Armour
 d - a scarf of cloud immunity (worn)
Scrolls
 e - a scroll of teleportation {unknown}
 f - a scroll of magic mapping {unknown}
 g - a scroll of fog {unknown}
 h - a scroll of enchant armour {unknown}
Potions
 c - a potion of might {unknown}
 i - a potion of degeneration {unknown}
 j - 2 potions of ambrosia {unknown}
 k - a potion of lignification {unknown}
Comestibles
 a - a chunk of flesh
 b - 2 rations


   Skills:
 - Level 1.7 Dodging
 - Level 1.7 Stealth
 + Level 2.9 Spellcasting
 + Level 2.3 Conjurations
 + Level 3.8 Fire Magic


You had 7 spell levels left.
You knew the following spells:

 Your Spells              Type           Power        Failure   Level  Hunger
a - Flame Tongue          Conj/Fire      ##...        4%          1    #......


Dungeon Overview and Level Annotations

Branches:
Dungeon (2/15)

Altars:


Innate Abilities, Weirdness & Mutations

Your plain brown scales are hard. (AC +5)
You cannot fit into any form of body armour.
You are cold-blooded and may be slowed by cold attacks.


Message History

Confirm with . or Enter, or press ? or * to list all spells.
Aiming: Flame Tongue (safe; 4% risk of failure)
Press: ? - help, Shift-Dir - straight line, f/p - gnoll
Aim: a gnoll, wielding a halberd and wearing a chain mail (moderately wounded)
The flame tongue hits the gnoll.
The gnoll is severely wounded.
The gnoll barely misses you.
You struggle against the net.
The gnoll hits you from afar with a halberd.
You struggle against the net.
The gnoll hits you from afar with a halberd!
Some of the chunks of flesh in your inventory have rotted away.
You shred the net and break free!
The gnoll hits you from afar with a halberd!
* * * LOW HITPOINT WARNING * * *
The gnoll throws a throwing net.
The throwing net barely misses you.
You see here a throwing net.
The gnoll throws a javelin.
The javelin barely misses you.
The gnoll throws a javelin.
The javelin hits you!
You die...

....(.....g.....)>#.....#
######
##.#####.##.#g###.#...#.#
#.# #.##.#...#(#.########
#.# #.##.#.....#.##.....#
#.# #.##.#g......##.###.#
#)#
#.##.#.....(....#...#####
#)#
#.##.###.########.#.....#
#.# #..#.#
#.#........#.###.#
##.######.#.#
#.@..#######...#
........#.#.#
###........#...#
........#.#.#
#.....####.#.###.#
........#...#
#.#.#.#..........#
........##..#
#.#.........#.####
...#######..#
#.#######.#.#.# <### #..#
#....##.......# .#
##..####.##.#####.### .#
#####......<..........#


You could see 2 gnolls.

Vanquished Creatures
  2 gnolls (D:2)
  2 adders (D:2)
  An ooze (D:2)
  2 dart slugs
  A leopard gecko (D:1)
  A giant cockroach (D:2)
  4 goblins
  3 hobgoblins
  A ball python (D:1)
  7 bats
  2 frilled lizards (D:1)
  8 kobolds
  5 rats
39 creatures vanquished.

Notes
Turn   | Place    | Note
-------+----------+-------------------------------------------
     0 | D:1      | Minion the Draconian Fire Elementalist began the quest for the Orb.
     0 | D:1      | Reached XP level 1. HP: 14/14 MP: 3/3
   386 | D:1      | Reached XP level 2. HP: 19/20 MP: 3/5
  1172 | D:2      | Reached XP level 3. HP: 21/26 MP: 1/6
  1829 | D:2      | Reached XP level 4. HP: 18/33 MP: 1/8
  1936 | D:2      | Hit by a javelin thrown by a gnoll

Vault maps used:
D:1:      enne_arrival_octagon_isle, corexii_corridor_pit

Skill      XL: |  1  2  3 |
---------------+----------+-----
Conjurations   | 2 |  2.3
Dodging        | |  1.7
Stealth        | |  1.7
Spellcasting   | |  2.9
Fire Magic     | |  3.8

Action                   |  1- 3 |  4- 6 || total
-------------------------+-------+-------++-------
Melee: Unarmed           |    33 |     5 ||    38
       Tailslap          |     3 |       ||     3
 Cast: Flame Tongue      |    60 |    11 ||    71
 Stab: Sleeping          |     1 |       ||     1
  Eat: Chunk             |     3 |     1 ||     4
Armor: Skin              |    20 |     2 ||    22
Dodge: Dodged            |    53 |    11 ||    64

Table legend:
 A = Spawn XP
 B = Non-spawn XP
 C = Spawn XP percentage of total XP
 D = Spawn monster count
 E = Non-spawn monster count
 F = Spawn count percentage of total count
 G = Total turns spent on level
                    A         B        C        D         E        F      G
               +---------+---------+-------+---------+---------+-------+---------
         Total |       0 |     116 |   0.0 |       0 |      39 |   0.0 |  1936
               +---------+---------+-------+---------+---------+-------+---------
           D:1 |       0 |      26 |   0.0 |       0 |      16 |   0.0 |  1018
           D:2 |       0 |      90 |   0.0 |       0 |      23 |   0.0 |   918
               +---------+---------+-------+---------+---------+-------+---------
